AoeStats
← rds_sledopyt

Arabia

510549676Analyzed
3v3 RM · 2d ago on Oct 1, 2026· 19m 22s· 6 players
Game mode
Random Map
Map size
Normal (6 player)
Population
200
Speed
Normal
Resources
Standard
Victory
Conquest
Starting age
Dark Age
Ending age
Imperial Age
RankedLock teamsTeams togetherTeam positionsShared explorationLock speedFull tech treeHidden civsTurbo modeCheats
Victory
Defeat
🇲🇽 Saracens · Mexico
1106
+12
🇨🇴 Vietnamese · Colombia
991
+17
🇨🇷 Teutons · Costa Rica
921
+20
🇩🇪 Britons · Germany
1036
-17
🇷🇺 Vietnamese · Russia
1001
-16
🇫🇷 Goths · France
1000
-48
ga_leb
1:16 Loom
11:48 Feudal Age
rds_sledopyt
5:24 Loom
8:07 Loom
10:50 Feudal Age
17:03 Castle Age
16:29 Double-Bit Axe
16:27 Horse Collar
Calli
7:11 Loom
7:49 Loom
9:42 Feudal Age
14:29 Double-Bit Axe
14:26 Horse Collar
15:04 Fletching
15:15 Padded Archer Armor
HUSEINMACO
7:40 Loom
10:17 Feudal Age
11:03 Double-Bit Axe
16:04 Fletching
NT | Fonseca
7:03 Loom
10:39 Feudal Age
16:47 Double-Bit Axe
17:52 Bloodlines
19:16 Forging
MKNT | MSP
6:38 Loom
9:36 Feudal Age
10:46 Double-Bit Axe
Connection lost

Rejoining the realm…

Still unreachable

The connection could not be restored.

Session expired

The server has moved on; the page needs a fresh start.